 Dungeon Crawl Stone Soup version 0.25.0-46-gbd7b0854d2 (webtiles) character file.

Game seed: 12035062322439860418

137 DameSoleil the Chopper (level 5, -3/45 HPs)
             Began as a Minotaur Fighter on July 12, 2020.
             Killed by nerve-wracking pain
             ... invoked by Grinder
              (14 damage)
             ... on level 4 of the Dungeon.
             The game lasted 00:04:37 (1941 turns).

DameSoleil the Chopper (Minotaur Fighter)           Turns: 1941, Time: 00:04:38

Health: -3/45      AC:  8    Str: 22    XL:     5   Next: 0%
Magic:  4/4        EV: 10    Int:  5    God:
Gold:   163        SH:  0    Dex:  9    Spells: 4/4 levels left

rFire    + . .     SeeInvis .   a - +0 war axe
rCold    + . .     Gourm    .   (no shield)
rNeg     . . .     Faith    .   b - +0 scale mail
rPois    .         Spirit   .   (helmet restricted)
rElec    .         Reflect  .   n - scarf {rC+ rF+}
rCorr    .         Harm     .   (no gloves)
MR       .....                  p - +0 pair of boots
Stlth    ..........             (no amulet)
HPRegen  0.15/turn              (no ring)
MPRegen  0.09/turn              (no ring)

@: no status effects
A: retaliatory headbutt, horns 2
a: no special abilities


You were on level 4 of the Dungeon.
You were not hungry.

You visited 1 branch of the dungeon, and saw 4 of its levels.

You collected 163 gold pieces.

Inventory:

Hand Weapons
 a - a +0 war axe (weapon)
 v - a +0 flail
Missiles
 e - 159 stones (quivered)
 q - 17 poisoned darts
 r - 7 atropa-tipped darts
 t - 2 javelins
Armour
 b - a +0 scale mail (worn)
 n - a scarf of resistance (worn)
 p - a +0 pair of boots (worn)
Wands
 o - a wand of random effects (28)
 w - a wand of flame (8)
Scrolls
 g - 4 scrolls of remove curse {unknown}
 i - 2 scrolls of magic mapping {unknown}
 j - 4 scrolls of identify {unknown}
 u - 2 scrolls of teleportation {unknown}
 x - a scroll of fog {unknown}
Potions
 c - 3 potions of flight {unknown}
 d - a potion of might
 h - a potion of heal wounds {unknown}
 k - 3 potions of curing {unknown}
 l - a potion of brilliance {unknown}
 s - a potion of stabbing {unknown}
Comestibles
 f - 3 rations
 m - 3 chunks of flesh


   Skills:
 - Level 3.6 Fighting
 + Level 5.9 Axes
 - Level 3.6 Armour
 + Level 1.2 Dodging
 + Level 0.3 Stealth
   Level 3.6 Shields


You had 4 spell levels left.
You didn't know any spells.
Your spell library was empty.

Dungeon Overview and Level Annotations

Branches:
Dungeon (4/15)
 Temple: D:4-7

Altars:
Hepliaklqana
Qazlal
Sif Muna

Annotations:
D:4 Grinder


Innate Abilities, Weirdness & Mutations

You reflexively headbutt those who attack you in melee.
You have a pair of horns on your head.


Message History

Your scale mail prevents you from hitting Grinder.
You headbutt Grinder!
Grinder is lightly wounded.
Grinder gestures at you. Pain shoots through your body!
Grinder gestures at you. Pain shoots through your body!
* * * LOW HITPOINT WARNING * * *
You slash Grinder!
Grinder is heavily wounded.
Grinder hits you.
* * * LOW HITPOINT WARNING * * *
You barely miss Grinder.
Grinder is heavily wounded.
Grinder drinks a potion.
Grinder seems to grow stronger.
You hit Grinder. You headbutt Grinder, but do no damage.
Grinder is severely wounded.
Grinder gestures at you. Pain shoots through your body!
You die...

#.. #. ###..#####
... ...<####. #).
#.5...... #.###@#
####.....#
#...$#####
#....#..# ..## #.##
#.# . ..# #.# ...
#....#.########....
#...........>#..


You could see Grinder (strong).

Vanquished Creatures
  A scorpion (D:4)
  An adder (D:3)
  An ooze (D:3)
  2 worms
  A leopard gecko (D:2)
  An orc (D:3)
  2 giant cockroaches
  9 goblins
  13 hobgoblins
  2 jackals (D:3)
  6 kobolds
  A ball python (D:1)
  11 bats
  3 frilled lizards
  8 rats
62 creatures vanquished.

Notes
Turn   | Place    | Note
-------+----------+-------------------------------------------
     0 | D:1      | DameSoleil the Minotaur Fighter began the quest for the
                  | Orb.
     0 | D:1      | Reached XP level 1. HP: 19/19 MP: 0/0
    12 | D:1      | Noticed a rime drake
    12 | D:1      | Noticed a crocodile
    12 | D:1      | Noticed a wolf
    12 | D:1      | Noticed a lindwurm
    12 | D:1      | Noticed an anaconda
   122 | D:1      | Reached skill level 3 in Axes
   438 | D:1      | Reached XP level 2. HP: 26/26 MP: 1/1
   888 | D:2      | Reached skill level 4 in Axes
   914 | D:2      | Reached XP level 3. HP: 25/31 MP: 2/2
  1298 | D:3      | Reached skill level 1 in Dodging
  1321 | D:3      | Reached XP level 4. HP: 39/39 MP: 3/3
  1367 | D:3      | Reached skill level 5 in Axes
  1754 | D:3      | Found a hazy altar of Hepliaklqana.
  1761 | D:3      | Found a stormy altar of Qazlal.
  1884 | D:3      | Found a shimmering blue altar of Sif Muna.
  1920 | D:4      | Reached XP level 5. HP: 45/45 MP: 4/4
  1931 | D:4      | Noticed Grinder
  1941 | D:4      | Killed from afar by Grinder

Illustrated notes

Levels and vault maps discovered:
D:1:      onia_arrival_zoo_common, layout_basic
D:2:      layout_basic, first_ration, hex_large
D:3:      layout_rooms, marbit_many_paths, amethyst_overflow_temple_binary
D:4:      layout_rooms, minmay_manual_mail, uniq_grinder

Skill      XL: |  1  2  3  4 |
---------------+-------------+-----
Axes           | 3 4 5 |  5.9
Dodging        | 1 |  1.2
Fighting       | |  3.6
Armour         | |  3.6
Stealth        | |  0.3
Shields        | |  3.6

Action                   |  1- 3 |  4- 6 || total
-------------------------+-------+-------++-------
Melee: War axe           |    87 |    35 ||   122
       Headbutt          |     9 |     5 ||    14
  Eat: Chunk             |     1 |     2 ||     3
Armor: Scale mail        |    47 |    18 ||    65
Dodge: Dodged            |    51 |    19 ||    70
